Cogmind - Beta 15 @@@ ROGUE MODE // 2025.07.15 @ 16:08:43 Player: jumpy Result: Destroyed by Y-45 Defender with Heavy Assault Rifle Performance ------------- Evolutions (1) 500 Regions Visited (2) 400 Robots Destroyed (3) 15 Value Destroyed (135) 135 Prototype IDs (1) 20 Alien Tech Used (0) 0 Bonus (200) 200 TOTAL SCORE: 1270 Bonus ------- Pacifist 200 Cogmind --------- Core Integrity 0/400 Matter 59/300 Energy 98/100 System Corruption 7% Temperature Cool (9) Movement Core (50) Location -9/Materials Parts ------- > --- POWER (1) -------- (None) > --- PROPULSION (4) --- (None) > --- UTILITY (2) ------ (None) > --- WEAPON (2) ------- Improved Assault Rifle > --- INVENTORY (5) ---- (None) Peak State ------------ > --- POWER ------------ (None) > --- PROPULSION ------- Aluminum Leg Aluminum Leg Aluminum Leg > --- UTILITY ---------- (None) > --- WEAPON ----------- Improved Assault Rifle Improved Assault Rifle > --- INVENTORY -------- (None) [Rating: 9] Favorites ----------- Power Improved Ion Engine Engine Improved Ion Engine Propulsion Hover Unit Leg Aluminum Leg Hover Unit Hover Unit Utility None Weapon Improved Assault Rifle Ballistic Gun Improved Assault Rifle Build | -11 -10 -9 ------- Run | Yrd Mat Mat Slots Evolved 2 | . . 2 Power . | . . . Propulsion 2 | . . 2 Utility . | . . . Weapon . | . . . Parts Attached 9 | . 2 7 Power 1 | . . 1 Engine 1 | . . 1 Core . | . . . Reactor . | . . . Propulsion 6 | . 2 4 Treads . | . . . Leg 3 | . . 3 Wheel . | . . . Hover 3 | . 2 1 Flight . | . . . Utility . | . . . Device . | . . . Storage . | . . . Processor . | . . . Hackware . | . . . Protection . | . . . Artifact . | . . . Weapon 2 | . . 2 Energy Gun . | . . . Energy Cannon . | . . . Ballistic Gun 2 | . . 2 Ballistic Cannon . | . . . Launcher . | . . . Special Weapon . | . . . Impact Weapon . | . . . Slashing Weapon . | . . . Piercing Weapon . | . . . Special Melee Weapon . | . . . Unidentified Prototypes 1 | . . 1 Parts Lost 7 | . . 7 Power . | . . . Propulsion 6 | . . 6 Utility . | . . . Weapon 1 | . . 1 Highest Loss Streak 4 | . . 4 To Critical Strikes 1 | . . 1 Average Backups . | . . . Power . | . . . Propulsion . | . . . Utility . | . . . Weapon . | . . . Tool/Special . | . . . Unused Backups . | . . . Power . | . . . Propulsion . | . . . Utility . | . . . Weapon . | . . . Tool/Special . | . . . Average Slot Usage (%) 30 | . 14 37 Engine 4 | . . 5 Leg 6 | . . 9 Hover 16 | . 14 16 Ballistic Gun 4 | . . 5 Peak Build Rating 9 | . 2 9 Average Rating 3 | . 1 5 On Entrance . | . . 2 Naked Turns 14 | . 5 9 Heaviest Build 7 | . . 7 Greatest Support 30 | 3 12 30 Greatest Overweight (x) 2 | . . 2 Average Overweight (x) . | . . . Largest Inventory Capacity 5 | 5 5 5 Average Capacity 5 | 5 5 5 Most Carried 1 | . 1 . Average Carried . | . . . Final Capacity 5 | 5 5 5 Final Carried 1 | . 1 . Class Distribution -------------------- 100% | Mutant Dominant Class ---------------- Mutant | -10/Materials Mutant | -9/Materials Resources | -11 -10 -9 ----------- Run | Yrd Mat Mat Matter Collected 68 | 68 . . Remotely . | . . . Salvage Created 130 | . . 130 Parts 5 | . . 5 Haulers Intercepted . | . . . Recyclers Shooed . | . . . Parts Field Recycled . | . . . Retrieved Matter . | . . . Parts Self-Destructed . | . . . Prevented . | . . . Kills | -11 -10 -9 ------- Run | Yrd Mat Mat Combat Hostiles Destroyed 3 | . . 3 Guns 3 | . . 3 Classes Destroyed 3 | . . 3 Grunt 1 | . . 1 Brawler 1 | . . 1 Sentry 1 | . . 1 Best Kill Streak 3 | . . 3 Combat Bots Only 3 | . . 3 Max Kills in Single Turn 1 | . . 1 Gunslinging . | . . . Exploded . | . . . Melee . | . . . Uniques/NPCs Destroyed . | . . . Combat | -11 -10 -9 -------- Run | Yrd Mat Mat Hostile Shots Fired 101 | . 2 99 Missed 29 | . . 29 Hits 72 | . 2 70 Melee 2 | . . 2 Projectile 70 | . 2 68 Critical Strikes 1 | . . 1 Damage Taken 1125 | . 24 1101 Core 413 | . 12 401 Absorbed by Shields . | . . . Core Remaining (%) 97 | 100 95 . Volleys Fired 9 | . . 9 Largest 2 | . . 2 Hottest 46 | . . 46 Shots Fired 18 | . . 18 Gun 18 | . . 18 Cannon . | . . . Launcher . | . . . Special . | . . . Kinetic 18 | . . 18 Thermal . | . . . Explosive . | . . . Electromagnetic . | . . . Robot Hit Streak 6 | . . 6 Robot Miss Streak 2 | . . 2 Penetration Max . | . . . Secondary Targets 2 | . . 2 Max Gunslinging Chain 1 | . . 1 Shots Hit Robots 14 | . . 14 Core Hits 5 | . . 5 Critical Kills . | . . . Critical Parts Destroyed . | . . . Critical Strikes . | . . . Melee Attacks . | . . . Impact . | . . . Slashing . | . . . Piercing . | . . . Sneak Attacks . | . . . Combat Hostiles . | . . . Follow-up Attacks . | . . . Damage Inflicted 343 | . . 343 Guns 186 | . . 186 Cannons . | . . . Explosions 136 | . . 136 Melee . | . . . Ramming 21 | . . 21 Kinetic 186 | . . 186 Thermal 136 | . . 136 Explosive . | . . . Electromagnetic . | . . . Impact . | . . . Slashing . | . . . Piercing . | . . . Highest Corruption 7 | . . 7 Average Corruption 6 | . . 6 Corruption Purged . | . . . Corruption Blocked . | . . . Effects 1 | . . 1 Matter Fused 1 | . . 1 Overload Shots . | . . . Overflow Damage . | . . . Projectiles . | . . . Explosions . | . . . Melee . | . . . Knockbacks . | . . . Impact . | . . . Kinetic . | . . . Secondary . | . . . Self-Inflicted Damage 141 | . . 141 Shots 2 | . . 2 Rammed 2 | . . 2 Targets Rammed 2 | . . 2 Kicked . | . . . Crushed . | . . . Highest Temperature 17 | . . 17 Average Temperature 7 | . . 7 Received Heat Transfer 348 | . 12 336 Siege Activations . | . . . Martial Activations . | . . . Shielding Activations . | . . . Robots Disrupted . | . . . Combat Hostiles . | . . . Robots Corrupted . | . . . Combat Hostiles . | . . . Parts Fried . | . . . Impact Corruptions . | . . . Robots Melted . | . . . Combat Hostiles . | . . . Parts Melted . | . . . Heat Transferred 150 | . . 150 Parts Sabotaged . | . . . Parts Stolen . | . . . Parts Stripped . | . . . Power Chain Reactions . | . . . Alert | -11 -10 -9 ------- Run | Yrd Mat Mat Maximum Alert Level . | . . . Low Security (%) 100 | 100 100 100 Level 1 . | . . . Level 2 . | . . . Level 3 . | . . . Level 4 . | . . . Level 5 . | . . . High Security . | . . . Max Security . | . . . Peak Influence 124 | . . 124 Initial . | . . . Average 15 | . . 22 Influence Increases 174 | . . 174 Destroy 0b10 Robot/C 60 | . . 60 Destroy Leader 30 | . . 30 Disable Machine 30 | . . 30 Destroy Structure 39 | . . 39 Lose Combat Pursuer 15 | . . 15 Influence Decreases 70 | . . 70 Time Decay 30 | . . 30 Lost Part 40 | . . 40 Squads Dispatched 2 | . 1 1 Investigation . | . . . Extermination . | . . . Reinforcement 2 | . 1 1 Assault . | . . . Garrison . | . . . Intercept . | . . . Searches Triggered . | . . . Construction Impeded . | . . . Haulers Reinforced . | . . . Active Scanning Responses . | . . . Cargo Convoy Interrupts . | . . . Stealth | -11 -10 -9 --------- Run | Yrd Mat Mat Distress Signals . | . . . Communications Jammed . | . . . Distress Signals . | . . . Times Spotted 12 | . 3 9 Peak Tracking Total 7 | . 1 7 Tactical Retreats 1 | . . 1 Traps | -11 -10 -9 ------- Run | Yrd Mat Mat Traps Triggered . | . . . Indirectly . | . . . Trap Hack Attempts . | . . . Triggered . | . . . Disarmed . | . . . Reprogrammed . | . . . Reused . | . . . Traps Extracted . | . . . Installed . | . . . Triggered . | . . . Machines | -11 -10 -9 ---------- Run | Yrd Mat Mat Machines Disabled 2 | . . 2 Max in Single Turn 2 | . . 2 Machines Repaired . | . . . Machines Dismantled . | . . . Machines Sabotaged . | . . . Overloaded Fab Kills . | . . . Hacking | -11 -10 -9 --------- Run | Yrd Mat Mat Machines Accessed . | . . . Terminals . | . . . Fabricators . | . . . Repair Stations . | . . . Recycling Units . | . . . Scanalyzers . | . . . Garrison Access . | . . . Total Hacks . | . . . Successful . | . . . Failed . | . . . Catastrophic . | . . . Database Lockouts . | . . . Manual . | . . . Terminals . | . . . Fabricators . | . . . Repair Stations . | . . . Recycling Units . | . . . Scanalyzers . | . . . Garrison Access . | . . . Terminal Hacks . | . . . Fabricator Hacks . | . . . Repair Station Hacks . | . . . Recycling Unit Hacks . | . . . Scanalyzer . | . . . Garrison Access Hacks . | . . . Unauthorized Hacks . | . . . Terminals . | . . . Fabricators . | . . . Repair Stations . | . . . Recycling Units . | . . . Scanalyzers . | . . . Garrison Access . | . . . Data Cores Recovered . | . . . Used . | . . . Hacking Detections . | . . . Full Trace Events . | . . . Feedback Events . | . . . Feedback Blocked . | . . . Robot Schematics Acquired . | . . . Robots Built . | . . . Authchips . | . . . Time . | . . . Total Robot Build Rating . | . . . Part Schematics Acquired . | . . . Parts Built . | . . . Authchips . | . . . Time . | . . . Total Part Build Rating . | . . . Parts Repaired . | . . . Time . | . . . Parts Recycled . | . . . Recycled Matter . | . . . Retrieved Matter . | . . . Retrieved Components . | . . . Parts Scanalyzed . | . . . Part Schematics Acquired . | . . . Parts Damaged . | . . . Bothacking | -11 -10 -9 ------------ Run | Yrd Mat Mat Used RIF Installer . | . . . Robots Hacked . | . . . Non-combat . | . . . Combat . | . . . Robot Hacks Applied . | . . . Relay Couplers Released . | . . . Fabnet Peak Effective % . | . . . Robots Rewired . | . . . Allies Hacked . | . . . Hacks Repelled . | . . . Allies | -11 -10 -9 -------- Run | Yrd Mat Mat Total Allies . | . . . Largest Group . | . . . Highest-Rated Group . | . . . Highest-Rated Ally . | . . . Total Orders . | . . . Ally Attacks . | . . . Total Damage . | . . . Kills . | . . . Allies Corrupted . | . . . Allies Melted . | . . . Intel | -11 -10 -9 ------- Run | Yrd Mat Mat Active Infowar (turns) . | . . . Robot Analysis Total . | . . . Derelict Logs Recovered . | . . . Drone Launches . | . . . Drone Recoveries . | . . . Exploration | -11 -10 -9 ------------- Run | Yrd Mat Mat Turns Passed 234 | 9 62 163 Spaces Moved 322 | 18 98 206 Core 61 | 18 8 35 Treads . | . . . Legs 17 | . . 17 Wheels . | . . . Hover 244 | . 90 154 Flight . | . . . Fastest Speed 50 | 50 50 50 Average Speed 58 | 50 58 59 Slowest Speed 150 | 50 60 150 Overloaded Moves . | . . . Propulsion Burnouts . | . . . Robots Hopped . | . . . Potential Cave-ins . | . . . Cave-ins Triggered . | . . . Exploration Rate (%) 17 | 2 27 22 Regions Visited 2 Branch Regions . Pre-discovered Areas . | . . . Known Exits Taken . | . . . Unknown Exits Taken 2 | 1 1 . Scrap Searched . | . . . Spaces Dug . | . . . Terrain Destroyed 37 | . . 37 Melee . | . . . Projectile . | . . . AOE 37 | . . 37 Terrain Rammed . | . . . Walls Destroyed . | . . . Machines Disabled . | . . . Actions | -11 -10 -9 --------- Run | Yrd Mat Mat Total 344 | 17 101 226 Wait 2 | . 1 1 Move 320 | 17 97 206 Hop . | . . . Pick Up 1 | . 1 . Fast Attach 8 | . 2 6 Attach 1 | . . 1 Detach . | . . . Swap . | . . . Drop 1 | . . 1 Fire 9 | . . 9 Melee . | . . . Ram 2 | . . 2 Kick . | . . . Crush . | . . . Escape Stasis . | . . . Rewire . | . . . Trap . | . . . Miscellaneous . | . . . Route ------- -11/Scrapyard -10/Materials (discovered 2 exits: [*Mat] / [*Min]) -9/Materials History --------- Turn | Location | Event 3 | -11/Scrapyard | Discovered new exit (range 15) 10 | -11/Scrapyard | Entered Materials 35 | -10/Materials | Discovered new exit (range 10) 70 | -10/Materials | Discovered new exit (range 6) 72 | -10/Materials | Entered another Materials area 72 | -9/Materials | Evolved 2 slots: Propulsion x2 191 | -9/Materials | Lost 3 parts (3n) 206 | -9/Materials | Core integrity fell below 50% 224 | -9/Materials | Core integrity fell below 20% 235 | -9/Materials | Destroyed by Y-45 Defender with Heavy Assault Rifle Last Messages --------------- 00212_ Switching to secondary target: Y-45 Defender. 00214_ Aluminum Leg destroyed. 00214_ U-05 Engineer builds a Wall. 00219_ K-01 Serf collects debris. 00221_ Critical hit (Smash). 00221_ Aluminum Leg destroyed. 00221_ System corrupted by crushing effect (+5). 00222_ K-01 Serf collects debris. 00223_ K-01 Serf destroyed. 00223_ Aluminum Leg destroyed. 00223_ System corrupted by crushing effect (+2). 00224_ U-05 Engineer builds a Wall. 00224_ B-36 Bruiser destroyed. 00228_ System corrupted: Matter fused (-7). 00229_ U-05 Engineer lays Concrete. 00229_ Imp. Assault Rifle destroyed. 00229_ K-01 Serf collects debris. 00230_ U-05 Engineer lays Concrete. 00232_ K-01 Serf collects debris. 00233_ U-05 Engineer lays Concrete. Map ----- +----------------------------------------------------+ | ?????????????????????????????????????????????????? | | ?????????????????????????????????????????????????? | | ?????????????????????????????????????????????????? | | ?????????????????????????????????????????????????? | | ?????????????????????????????????????????????????? | | ?????????????????????????????????????????????????? | | ?????????????????????????????????????????????????? | | ?????????????????????????????????????????????????? | | ?????????????????????????????????????????????????? | | ?????????????????????????????????????????????????? | | ??????????????????????? #??????????????????????? | | ??????????????????????? #?????????????????????? | | ??????????????????????? ?????????????? ???? | | ??????????????????????? ???????????? ???? | | ??????????????????????? Y ???????????? #??? | | ??????????????????????? #????????????# #??? | | ???????????????????????# #???####?##??# #??? | | ???????????????????????# #?""" """ #??# #??? | | ???????????????????????# #?""" """ #??# #??? | | ???????????????????????# #??"" """ ???# #??? | | ???????????????????????# #?? ???# #??? | | ???????????????????????# #??? ????# #??? | | ???????????????????????# #??? ????# #??? | | ???????????????????????# #???? ?????# #??? | | ???????????????????????# #???? ?????# #??? | | ???????????????????????# @ ######+####### #??? | | ???????????????????????# #??? | | ???????????????????????# #??? | | ???????????????????????# "T" a #??? | | ???????????????????????#au ######+#####+# | | ???????????????????????# """ # | | ?????????????????? ?# k """ # = | | ???????????????????""" # """ # """ | | ????????????????????"" + # """ ""T"" | | ?????????????????????" # g # """ """"" | | ????????????????????? ?# !]! # | | ???????????????????#####!! !]! ############+# | | ???????????????? !! !] #???# | | ??????????????? #???# | | ??????????????? u ! #???# | | ????????????????###############%* #???# | | ???????????????????????????#"""=/%= """ #???# | | ??????????????????????????# = " #???# | | ??????????????????????????#! " #???# | | ??????????????????????????# " #???# | | ??????????????????????????# " ##### | | ??????????????????????????#[ %=" | | ??????????????????????????##"""" """"/######## | | ??????????????????????????##""""""" #? | | ??????????????????????????# # [[ #? | +----------------------------------------------------+ Best States ------------- Heat Dissipation 28 Energy Generation 12 Energy Capacity 265 Matter Stores 168 Matter Capacity 300 Sight Range 16 Terrain Scan Density 10 Evasion (%) 54 Item Schematics ----------------- None Robot Schematics ------------------ None Fabricated ------------ Nothing Repaired ---------- Nothing Alien Tech Used ----------------- None Achievements -------------- None Challenges ------------ None Game ------ Seed StormShadingSword Manual? 0 Play Time 00:03:15 Cumulative 161.5 hours Start 2025.07.15 @ 16:06:44 End 2025.07.15 @ 16:08:43 Sessions 1 Manual Loads 0 Difficulty Rogue Special Mode None Game No. 403 Rogue 403 Adventurer 0 Explorer 0 Win Type - Total 6 Types 5/0/1/0/0/0/0/0/0/0 Lore% 70 Gallery% 61 Achievement% 48 Wizard Run 0 Options --------- Layout 0 ASCII 0 Keyboard 0 Movement Numpad Keybinds 0 Fullscreen 2 Font 18/Terminus Map View 76x50 Zoom Use 0% Tactical HUD 1 Map Filters NONE Filters SATURATION(100) Steam 1 RUN: fff62e50-c76f-4b93-80ed-500fb7df1639